 Dungeon Crawl Stone Soup version 0.27.0-1-g7a089689b8 (webtiles) character file.

Game seed: 15852206435699262091

70 ZARRMARR the Gusty (level 4, 0/34 HPs)
             Began as a Draconian Air Elementalist on Aug 3, 2021.
             Slain by an adder (1 damage)
             ... on level 2 of the Dungeon.
             The game lasted 00:10:07 (2273 turns).

ZARRMARR the Gusty (Draconian Air Elementalist)     Turns: 2273, Time: 00:10:07

Health: 0/34       AC:  5    Str: 11    XL:     4   Next: 3%
Magic:  6/7        EV: 12    Int: 16    God:
Gold:   67         SH:  0    Dex: 11    Spells: 3/7 levels left

rFire    . . .     SeeInvis .   a - staff of earth
rCold    . . .     Faith    .   (no shield)
rNeg     . . .     Spirit   .   (armour unavailable)
rPois    .         Reflect  .   (helmet restricted)
rElec    .         Harm     .   (no cloak)
rCorr    .         Rampage  .   (no gloves)
Will     .....                  (no boots)
Stlth    ++........             (no amulet)
HPRegen  0.11/turn              (no ring)
MPRegen  0.10/turn              (no ring)

@: no status effects
A: AC +5, unfitting armour, cold-blooded
a: no special abilities


You were on level 2 of the Dungeon.
You visited 1 branch of the dungeon, and saw 3 of its levels.

You collected 67 gold pieces.

Inventory:

Missiles
 c - 72 stones
 f - 5 boomerangs (quivered)
Magical Staves
 a - a staff of earth (weapon)
Scrolls
 e - 2 scrolls of noise
 j - a scroll of vulnerability
Potions
 b - a potion of curing {unknown}
 d - a potion of lignification {unknown}
 h - 2 potions of magic {unknown}
 i - a potion of degeneration {unknown}


   Skills:
 + Level 0.4 Fighting
 + Level 0.1 Staves
 + Level 2.2 Dodging
 + Level 1.9 Stealth
 + Level 2.3 Spellcasting
 + Level 1.8 Conjurations
 + Level 3.9 Air Magic


You had 3 spell levels left.
You knew the following spells:

 Your Spells              Type           Power      Damage    Failure   Level
a - Shock                 Conj/Air       44%        1d5       6%          1
b - Swiftness             Air            14%        N/A       12%         3

Your spell library contained the following spells:

 Spells                   Type           Power      Damage    Failure   Level
 Static Discharge         Conj/Air       11%        N/A       10%         2
 Slow                     Hex            1%         N/A       30%         2
 Confusing Touch          Hex            1%         N/A       52%         3
 Vampiric Draining        Necr           0%         2d6       52%         3
 Airstrike                Air            7%         N/A       36%         4


Dungeon Overview and Level Annotations

Branches:
Dungeon (3/15)

Altars:


Innate Abilities, Weirdness & Mutations

Your plain brown scales are hard. (AC +5)
You cannot fit into any form of body armour.
You are cold-blooded and may be slowed by cold attacks.


Message History

The phantom hits you but does no damage.
You closely miss the phantom.
The phantom is moderately damaged.
The phantom hits you.
The phantom blinks!
You blink.
An adder comes into view.
You hit the phantom.
The phantom is heavily damaged.
The phantom hits you but does no damage.
The phantom barely misses you. The adder bites you but does no damage.
You barely miss the phantom.
Your tail-slap misses the phantom.
The phantom is heavily damaged.
The adder closely misses you. The phantom misses you.
You barely miss the phantom.
The phantom is heavily damaged.
The adder bites you. The phantom hits you! The adder barely misses you.
You barely miss the phantom.
Your tail-slap misses the phantom.
The phantom is heavily damaged.
The adder bites you.
* * * LOW HITPOINT WARNING * * *
The phantom misses you.
You hit the phantom.
The phantom is heavily damaged.
The adder bites you but does no damage. The phantom hits you.
* * * LOW HITPOINT WARNING * * *
The phantom blinks!
You blink.
The giant cockroach misses you. The adder misses you.
There is a stone staircase leading up here.
The adder bites you but does no damage.
You climb upwards.
There is a stone staircase leading down here.
You hit the phantom.
You tail-slap the phantom, but do no damage.
The phantom is severely damaged.
The phantom hits you!
* * * LOW HITPOINT WARNING * * *
The phantom blinks!
You blink.
The adder bites you.
* * * LOW HITPOINT WARNING * * *
The phantom misses you. The adder bites you.
You die...

...#....#...†...#..#
####....#.......#.##
# ################ #
#.....# ####
###.....##
...####.....#..#
.#..##.........##
.......#.#......##
.)#.####.......W@#
###.####........S#
...............#§#
......#........#§##
......#).......#..#
......#........##.#
......#........##.#
).....#.#########.##
...................#


You could see a phantom and an adder.

Vanquished Creatures
  An adder (D:2)
  A worm (D:2)
  2 dart slugs (D:1)
  4 endoplasms
  3 giant cockroaches
  2 goblins
  2 hobgoblins
  11 jackals
  5 kobolds
  2 quokkas
  3 ball pythons
  3 bats
  5 frilled lizards
  5 rats
49 creatures vanquished.

Notes
Turn   | Place    | Note
-------+----------+-------------------------------------------
     0 | D:1      | ZARRMARR the Draconian Air Elementalist began the quest for
                  | the Orb.
     0 | D:1      | Reached XP level 1. HP: 14/14 MP: 3/3
   153 | D:1      | Reached XP level 2. HP: 18/20 MP: 0/5
   922 | D:1      | Reached XP level 3. HP: 26/26 MP: 0/6
  1357 | D:1      | Learned a level 3 spell: Swiftness
  2146 | D:2      | Reached XP level 4. HP: 34/34 MP: 4/7
  2250 | D:3      | Noticed a phantom
  2273 | D:2      | HP: 1/34 [adder (1)]
  2273 | D:2      | Slain by an adder

Illustrated notes

Levels and vault maps discovered:
D:1:      dpeg_arrival_simpleton_c, layout_loops_ring, dk_noncrumbling_3
D:2:      layout_rooms, kennysheep_generic_room_8
D:3:      layout_basic, mainiacjoe_overflow_catwalk,
          hellmonk_ecumenical_altar_crossroads, uniq_ijyb, uniq_jessica

Skill      XL: |  1  2 |
---------------+-------+-----
Dodging        | 2 |  2.2
Fighting       | |  0.4
Staves         | |  0.1
Stealth        | |  1.9
Spellcasting   | |  2.3
Conjurations   | |  1.8
Air Magic      | |  3.9

Action                   |  1- 3 |  4- 6 || total
-------------------------+-------+-------++-------
Melee: Staff             |    69 |    15 ||    84
       Tailslap          |     6 |     2 ||     8
Throw: Boomerang         |     4 |       ||     4
 Cast: Shock             |    74 |     4 ||    78
  Use: Scroll            |     1 |     2 ||     3
Armor: Skin              |    28 |     8 ||    36
Dodge: Dodged            |    53 |    10 ||    63
